 Dungeon Crawl Stone Soup version 0.30.0-29-ga12c61a403 (webtiles) character file.

Game seed: 13853575444397405176

178 safid the Chiller (level 5, 0/41 HPs)
             Began as a Merfolk Ice Elementalist on June 7, 2023.
             Slain by a phantom (6 damage)
             ... on level 4 of the Dungeon.
             The game lasted 00:05:06 (2612 turns).

safid the Chiller (Merfolk Ice Elementalist)        Turns: 2612, Time: 00:05:07

Health: 0/41       AC:  3    Str:  9    XL:     5   Next: 58%
Magic:  9/10       EV: 12    Int: 16    God:
Gold:   134        SH:  0    Dex: 14    Spells: 3/10 levels left

rFire   + . .        f - +1 dagger (freeze)
rCold   . . .        (no shield)
rNeg    . . .        a - +0 robe
rPois   .            (no helmet)
rElec   .            j - +0 cloak
rCorr   .            (no gloves)
SInv    .            (no boots)
Will    .....        h - amulet of reflection
Stlth   +            c - ring of protection from fire
HPRegen 0.26/turn    (no ring)
MPRegen 0.12/turn

%: reflection
@: confused
A: (nimble swimmer 2), mertail
a: no special abilities


You were on level 4 of the Dungeon.
You visited 1 branch of the dungeon, and saw 4 of its levels.

You collected 134 gold pieces.

Inventory:

Hand Weapons
 f - a +1 dagger of freezing (weapon)
Armour
 a - a +0 robe (worn)
 j - a +0 cloak (worn)
Jewellery
 c - a ring of protection from fire (left hand)
 h - an amulet of reflection (around neck)
Scrolls
 e - 5 scrolls of teleportation {unknown}
 g - 2 scrolls of identify {unknown}
 i - a scroll of immolation {unknown}
 l - a scroll of noise {unknown}
 o - a scroll of brand weapon {unknown}
 p - a scroll of torment {unknown}
Potions
 b - a potion of magic
 d - 2 potions of heal wounds {unknown}
 k - a potion of attraction {unknown}
 m - 2 potions of curing {unknown}
 n - a potion of ambrosia {unknown}
 q - a potion of invisibility {unknown}


   Skills:
 + Level 3.0 Fighting
 - Level 2.6 Dodging
 - Level 2.1 Stealth
 + Level 3.3 Spellcasting
 + Level 5.5 Ice Magic


You had 3 spell levels left.
You knew the following spells:

 Your Spells              Type           Power      Damage    Failure   Level
a - Freeze                Ice            80%        1d9       1%          1
b - Frozen Ramparts       Ice            40%        1d7       5%          3
c - Ozocubu's Armour      Ice            20%        N/A       5%          3

Your spell library contained the following spells:

 Spells                   Type           Power      Damage    Failure   Level
 Slow                     Hex            8%         N/A       19%         1
 Confusing Touch          Hex            2%         N/A       47%         3
 Vampiric Draining        Necr           2%         2d6       47%         3
 Summon Ice Beast         Ice/Summ       11%        N/A       50%         4


Dungeon Overview and Level Annotations

Branches:
Dungeon (4/15)
 Temple: D:4-7

Altars:
Elyvilon
The Shining One


Innate Abilities, Weirdness & Mutations

((You are very nimble when in or above water. (Stealth+, EV+, Speed+++)))
Your lower body shifts to a powerful aquatic tail in water.


Message History

The phantom hits you.
You hit the phantom.
The phantom is heavily damaged.
The phantom closely misses you.
You barely miss the phantom.
The phantom is heavily damaged.
Something hits you. The phantom hits you!
The phantom blinks!
You blink.
Unknown command.
You hit the phantom.
The phantom is heavily damaged.
The phantom closely misses you.
You hit the phantom but do no damage.
The phantom is heavily damaged.
The phantom hits you but does no damage.
You hit the phantom.
The phantom is heavily damaged.
The phantom hits you.
The phantom blinks!
You blink.
You hit the phantom.
The phantom is heavily damaged.
Something hits you but does no damage. The phantom hits you.
The phantom blinks!
You blink.
You barely miss the phantom.
The phantom is heavily damaged.
A magic dart appears from out of thin air!
The magic dart hits you.
* * * LOW HITPOINT WARNING * * *
The phantom misses you.
You hit the phantom.
The phantom is severely damaged.
You are confused.
The phantom hits you but does no damage.
The phantom attacks as you move away! The phantom hits you.
* * * LOW HITPOINT WARNING * * *
An orc wizard comes into view. It is wielding a +0 dagger.
The phantom hits you.
* * * LOW HITPOINT WARNING * * *
You hit the phantom.
The phantom is severely damaged.
The phantom hits you.
You die...

.## ...# ....# o....#
... #....# ... #....###
##.. .# #...@## ##...
...##..W.### ##....
#...........## ##.....#
###........{.##
##......#
####........###.......<
###.................
###...............
###...#.........
##............


You could see a phantom.

Vanquished Creatures
  A hound (D:3)
  An orc priest (D:3)
  An orc wizard (D:4)
  An adder (D:3)
  3 worms
  A dart slug (D:2)
  9 orcs
  5 endoplasms
  A giant cockroach (D:1)
  5 goblins
  4 hobgoblins
  3 quokkas
  7 ball pythons
  9 bats
  A frilled lizard (D:3)
  11 kobolds
  6 rats
69 creatures vanquished.

Notes
Turn   | Place    | Note
-------+----------+-------------------------------------------
     0 | D:1      | safid the Merfolk Ice Elementalist began the quest for the
                  | Orb.
     0 | D:1      | Reached XP level 1. HP: 13/13 MP: 3/3
   212 | D:1      | Found a faded altar of an unknown god.
   217 | D:1      | Reached XP level 2. HP: 15/20 MP: 3/5
   223 | D:1      | Reached skill level 1 in Fighting
   909 | D:2      | Reached XP level 3. HP: 26/26 MP: 6/6
   961 | D:2      | Found a white marble altar of Elyvilon.
  1517 | D:3      | Learned a level 3 spell: Frozen Ramparts
  1521 | D:3      | Learned a level 3 spell: Ozocubu's Armour
  1585 | D:3      | Reached skill level 5 in Ice Magic
  1585 | D:3      | Reached XP level 4. HP: 27/33 MP: 4/8
  2225 | D:3      | Reached XP level 5. HP: 40/40 MP: 5/9
  2276 | D:3      | Found a glowing golden altar of the Shining One.
  2580 | D:4      | Noticed a phantom
  2612 | D:4      | Slain by a phantom

Illustrated notes

Levels and vault maps discovered:
D:1:      amcnicky_arrival_choice, layout_loops_ring,
          shapermc_ecumenical_altar_gd
D:2:      layout_rooms, basic_altar, minmay_distorted
D:3:      layout_rooms, tso_oasis_becter
D:4:      layout_cave_pods, chequers_serial_rivers_micro_c

Skill      XL: |  1  2  3  4  5 |
---------------+----------------+-----
Fighting       | 1 2 3 |  3.0
Ice Magic      | 5 |  5.5
Spellcasting   | 3 |  3.3
Dodging        | |  2.6
Stealth        | |  2.1

Action                     |  1- 3 |  4- 6 || total
---------------------------+-------+-------++-------
  Melee: Dagger            |    66 |    39 ||   105
         Punch             |       |     1 ||     1
   Cast: Freeze            |    29 |    14 ||    43
         Frozen Ramparts   |       |     6 ||     6
         Ozocubu's Armour  |       |     3 ||     3
   Stab: Sleeping          |     6 |     1 ||     7
 Armour: Robe              |    17 |    12 ||    29
  Dodge: Dodged            |    46 |    28 ||    74
  Block: Other             |     9 |     3 ||    12
